 Dungeon Sprint DCSS version 0.19-a0-1019-g9c6a58d (webtiles) character file.

982 BluebellGnoll the Destroyer (level 7, 27/27 HPs)
             Began as a Felid Air Elementalist on July 25, 2016.
             Was a High Priest of Sif Muna.
             Quit the game in the Dungeon (Sprint IX: "|||||||||||||||||||||||||||||").
             The game lasted 00:10:29 (486 turns).

BluebellGnoll the Destroyer (Felid Air Elementalist) Turns: 486, Time: 00:10:30

Health: 27/27      AC:  2    Str:  4    XL:     7   Next: 96%
Magic:  19/19      EV: 27    Int: 21    God:    Sif Muna [*****.]
Gold:   0          SH:  0    Dex: 17    Spells: 4 memorised, 10 levels left
                                        Lives:  1   Deaths: 1

rFire  . . .     SeeInvis +     (weapon unavailable)
rCold  . . .     Gourm    .     (armour unavailable)
rNeg   . . .     Faith    .     (shield unavailable)
rPois  .         Spirit   .     (helmet unavailable)
rElec  .         Dismiss  .     (cloak unavailable)
rCorr  .         Reflect  .     (gloves unavailable)
SustAt .         Harm     .     (boots unavailable)
MR     +....     NoTele   +     (no amulet)
Stlth  +++.......               l - +2 ring of evasion
                                k - +3 ring of intelligence

@: repel missiles, quick, somewhat resistant to hostile enchantments, fairly
stealthy
A: no armour, no weapons or thrown items, claws 1, fangs 3, see invisible,
carnivore 3, speed 1, shaggy fur 2, slow metabolism 1, sharp paws
a: Divine Energy, Channel Magic, Forget Spell, Renounce Religion


You were in the Dungeon.
You worshipped Sif Muna.
Sif Muna was extremely pleased with you.
You were not hungry.

You visited 1 branch

Inventory:

Jewellery
 k - a +3 ring of intelligence (left paw)
 l - a +2 ring of evasion (right paw)
Wands
 j - a wand of lightning (0/15)
Scrolls
 g - 3 scrolls of remove curse
 i - 2 scrolls of amnesia
 q - a scroll of blinking
 r - a scroll of recharging
 s - a scroll of fog
 t - a scroll of identify
Potions
 c - 6 potions of curing
 e - a potion of heal wounds
 f - 4 potions of magic
 m - a potion of agility
 n - a potion of brilliance
 o - a potion of might
 p - a potion of cure mutation
Books
 a - a book of Air

   Spells                             Type                      Level
   a - Shock                          Conjuration/Air              1
   b - Swiftness                      Charms/Air                   2
   c - Repel Missiles                 Charms/Air                   2
   d - Static Discharge               Conjuration/Air              3
   e - Lightning Bolt                 Conjuration/Air              5
 d - a book of Battle

   Spells                             Type                      Level
   a - Infusion                       Charms                       1
   b - Shroud of Golubria             Charms/Translocation         2
   c - Song of Slaying                Charms                       2
   d - Spectral Weapon                Hexes/Charms                 3
   e - Regeneration                   Charms/Necromancy            3
Comestibles
 b - a meat ration
 h - 5 chunks of flesh


   Skills:
 * Level 9.1 Dodging
 - Level 2.6 Stealth
 * Level 7.8 Spellcasting
 - Level 12.2 Conjurations
 * Level 2.8 Charms
 * Level 2.2 Necromancy
 - Level 7.2 Air Magic
 - Level 7.4 Evocations


You had 10 spell levels left.
You knew the following spells:

 Your Spells              Type           Power        Failure   Level  Hunger
a - Shock                 Conj/Air       ####         1%          1    None
d - Regeneration          Chrm/Necr      ###.......   10%         3    None
f - Lightning Bolt        Conj/Air       #####.....   4%          5    #####..
r - Repel Missiles        Chrm/Air       ####..       1%          2    None


Dungeon Overview and Level Annotations

Branches:
Dungeon (1/1)

Altars:
Cheibriados
Dithmenos
Elyvilon
Fedhas
Gozag
Hepliaklqana
Kikubaaqudgha
Makhleb
Nemelex Xobeh
Okawaru
Pakellas
Qazlal
Ru
Sif Muna
Trog
Uskayaw
Vehumet
Xom
Yredelemnul
Zin
The Shining One
Beogh
Jiyva
Lugonu


Innate Abilities, Weirdness & Mutations

You cannot wear armour.
You are incapable of wielding weapons or throwing items.
You have sharp claws.
You have razor-sharp teeth.
You have supernaturally acute eyesight. (SInv)
You are carnivorous and can eat meat at any time.
You cover ground quickly.
You are covered in thick fur. (AC +2)
You have a slow metabolism.
Your sharp claws are effective at attacking unaware monsters.


Message History

You see here a +0 ring mail.
You see here a +0 falchion.
You see here a potion of degeneration.
You fail to use your ability.
The eight-headed hydra closely misses you.
The eight-headed hydra bites you!
* * * LOW HITPOINT WARNING * * *
The eight-headed hydra closely misses you.
The eight-headed hydra misses you.
The eight-headed hydra completely misses you.
The eight-headed hydra bites you!
You die...
The eight-headed hydra bites you. The eight-headed hydra bites you!
You are now level 7!
You rejoin the land of the living...
Unknown command.
There is an open door to the Temple here.
There is a glowing silver altar of Zin here.
There is an open door to the Temple here.
Are you sure you want to abandon this character and quit the game? (Confirm with "yes".)

▓+▓.▓.▓
▓.▓.▓.▓
▓.▓.▓.▓
▓.▓.▓'▓
▓.▓.▓)▓
▓.▓.▓.▓
▓!▓.▓.▓
▓D▓.▓.▓
▓F▓.▓@▓
▓l▓.▓'▓
▓.▓.▓_▓
▓.▓.▓_▓
▓?▓.▓_▓
▓.▓.▓_▓
▓†▓.▓_▓
▓.▓.▓u▓
▓.▓.▓_▓


You could see a cyan ugly thing (wandering).

Vanquished Creatures
  A hill giant (D)
  A cyclops (D)
  A troll (D)
  A hungry ghost (D)
  A steam dragon (D)
  3 porcupines (D)
  An ogre (D)
  A giant frog (D)
  A scorpion (D)
  A killer bee (D)
  An orc wizard (D)
  A worker ant (D)
  An adder zombie (D)
  A worm (D)
  A dart slug (D)
  A giant gecko (D)
  An orc (D)
  A hobgoblin (D)
  A jackal (D)
  A bat (D)
  2 giant newts (D)
24 creatures vanquished.

Notes
Turn   | Place    | Note
-------+----------+-------------------------------------------
     0 | D        | BluebellGnoll the Felid Air Elementalist began the quest for the Orb.
     0 | D        | Reached XP level 1. HP: 7/7 MP: 4/4
    57 | D        | Noticed an orc wizard
    57 | D        | Noticed a worker ant
    66 | D        | Killed an orc wizard
    66 | D        | Reached skill level 1 in Conjurations
    66 | D        | Reached XP level 2. HP: 11/11 MP: 0/8
    66 | D        | Reached XP level 3. HP: 14/14 MP: 0/9
    74 | D        | Reached skill level 2 in Conjurations
    81 | D        | Reached skill level 5 in Dodging
   110 | D        | Found a glowing silver altar of Zin.
   110 | D        | Found a glowing golden altar of the Shining One.
   110 | D        | Found an ancient bone altar of Kikubaaqudgha.
   110 | D        | Found a basalt altar of Yredelemnul.
   110 | D        | Found a shimmering altar of Xom.
   110 | D        | Found a radiant altar of Vehumet.
   111 | D        | Found an iron altar of Okawaru.
   112 | D        | Found a burning altar of Makhleb.
   113 | D        | Found a deep blue altar of Sif Muna.
   114 | D        | Found a bloodstained altar of Trog.
   115 | D        | Found a sparkling altar of Nemelex Xobeh.
   116 | D        | Found a white marble altar of Elyvilon.
   117 | D        | Found a roughly hewn altar of Beogh.
   118 | D        | Found a viscous altar of Jiyva.
   119 | D        | Found a corrupted altar of Lugonu.
   120 | D        | Found a blossoming altar of Fedhas.
   121 | D        | Became a worshipper of Sif Muna the Loreminder
   122 | D        | Found a snail-covered altar of Cheibriados.
   123 | D        | Found a shadowy altar of Dithmenos.
   124 | D        | Found a stormy altar of Qazlal.
   125 | D        | Found an opulent altar of Gozag.
   126 | D        | Found a sacrificial altar of Ru.
   127 | D        | Found an oddly glowing altar of Pakellas.
   128 | D        | Found a hide-covered altar of Uskayaw.
   129 | D        | Found a hazy altar of Hepliaklqana.
   165 | D        | Learned a level 2 spell: Repel Missiles
   182 | D        | Noticed a hungry ghost
   182 | D        | Noticed an ogre
   182 | D        | Noticed a killer bee
   182 | D        | Noticed a scorpion
   182 | D        | Noticed a troll
   187 | D        | Killed a killer bee
   187 | D        | Reached skill level 3 in Conjurations
   187 | D        | Reached XP level 4. HP: 18/18 MP: 5/11
   188 | D        | Killed an ogre
   188 | D        | Reached * piety under Sif Muna
   188 | D        | Reached skill level 5 in Conjurations
   188 | D        | Reached XP level 5. HP: 16/21 MP: 4/13
   188 | D        | Reached skill level 6 in Conjurations
   191 | D        | Killed a troll
   191 | D        | Reached ** piety under Sif Muna
   191 | D        | Gained mutation: You are covered in thick fur. (AC +2) [Felid growth]
   191 | D        | Reached XP level 6. HP: 19/24 MP: 5/16
   192 | D        | Killed a hungry ghost
   192 | D        | Reached *** piety under Sif Muna
   192 | D        | Reached XP level 7. HP: 21/27 MP: 5/18
   206 | D        | Learned a level 5 spell: Lightning Bolt
   206 | D        | Noticed a cyclops
   206 | D        | Noticed a steam dragon
   206 | D        | Noticed a hill giant
   206 | D        | Noticed a cyan ugly thing
   210 | D        | Killed a hill giant
   210 | D        | Reached **** piety under Sif Muna
   210 | D        | Reached skill level 10 in Conjurations
   210 | D        | Reached XP level 8. HP: 26/31 MP: 7/19
   215 | D        | Killed a cyclops
   215 | D        | Reached ***** piety under Sif Muna
   215 | D        | Received a gift from Sif Muna
   215 | D        | Reached skill level 11 in Conjurations
   215 | D        | Reached skill level 12 in Conjurations
   439 | D        | Learned a level 3 spell: Regeneration
   464 | D        | Noticed a spiny frog
   464 | D        | Noticed an eight-headed hydra
   464 | D        | Noticed a komodo dragon
   465 | D        | Reached skill level 1 in Charms
   465 | D        | Reached skill level 1 in Necromancy
   477 | D        | Mangled by an eight-headed hydra
   478 | D        | Reached XP level 7. HP: -9/27 MP: 3/19
   486 | D        | Quit the game

Vault maps used:
D:        linesprint

Skill      XL: |  1  2  3  4  5  6  7  8 |
---------------+-------------------------+-----
Spellcasting   | 4 6 7 |  7.8
Dodging        | 4 5 7 8 9 |  9.1
Conjurations   | 1 3 5 6 10 12 | 12.2
Air Magic      | 3 4 6 7 |  7.2
Evocations     | 3 6 7 |  7.4
Charms         | 2 |  2.8
Necromancy     | 2 |  2.2
Stealth        | |  2.6

Action                   |  1- 3 |  4- 6 |  7- 9 || total
-------------------------+-------+-------+-------++-------
Melee: Unarmed           |    16 |     1 |    16 ||    33
       Bite              |     1 |       |       ||     1
 Cast: Shock             |    11 |     2 |       ||    13
       Repel Missiles    |     1 |       |       ||     1
       Lightning Bolt    |       |       |     9 ||     9
       Regeneration      |       |       |     1 ||     1
Invok: Channel Magic     |       |       |     1 ||     1
Evoke: Wand              |       |     3 |     4 ||     7
  Use: Potion            |     3 |       |     2 ||     5
       Scroll            |       |       |     2 ||     2
 Stab: Sleeping          |     1 |       |       ||     1
       Invisible         |       |       |     2 ||     2
  Eat: Chunk             |     7 |       |       ||     7
Armor: Skin              |     1 |       |     1 ||     2
Dodge: Dodged            |    16 |     4 |    51 ||    71
